 Dungeon Crawl Stone Soup version 0.31.0-11-ge490571c62 (webtiles) character file.

Game seed: 6361305501385808757

140 qw the Skirmisher (level 5, -2/29 HPs)
             Began as a Deep Elf Hunter on Feb 4, 2024.
             Incinerated by a bombardier beetle (3 damage)
             ... with a burning spray
             ... on level 3 of the Dungeon.
             The game lasted 00:00:07 (1827 turns).

qw the Skirmisher (Deep Elf Hunter)                 Turns: 1827, Time: 00:00:07

Health: -2/29      AC:  8    Str: 10      XL:     5   Next: 2%
Magic:  7/7        EV: 11    Int: 13 (14) God:
Gold:   114        SH:  0    Dex: 16 (18) Spells: 4/4 levels left

rFire   . . .        a - +0 shortbow
rCold   . . .        (shield currently unavailable)
rNeg    . . .        j - +2 ring mail {Will+}
rPois   .            d - +0 helmet
rElec   .            (no cloak)
rCorr   .            (no gloves)
SInv    .            (no boots)
Will    +....        (no amulet)
Stlth   +            (no ring)
HPRegen 0.24/turn    (no ring)
MPRegen 0.10/turn

%: no passive effects
@: on fire, glowing
A: no striking features
a: no special abilities


You were on level 3 of the Dungeon.
You visited 1 branch of the dungeon, and saw 3 of its levels.

You collected 114 gold pieces.


   Skills:
 - Level 1.5 Fighting
 + Level 8.4 Ranged Weapons
 - Level 2.4 Dodging
 - Level 1.2 Stealth


You had 4 spell levels left.
You didn't know any spells.
Your spell library was empty.

Inventory:

Hand Weapons
 a - a +0 shortbow (weapon)
Armour
 d - a +0 helmet (worn)
 j - a +2 ring mail of willpower (worn)
Wands
 b - a wand of flame (7)
 e - a wand of charming (5)
Scrolls
 f - a scroll of enchant weapon {unknown}
 g - 3 scrolls of blinking {unknown}
Potions
 c - a potion of mutation
 h - a potion of enlightenment

Dungeon Overview and Level Annotations

Branches:
Dungeon (3/15)

Altars:
Gozag
Kikubaaqudgha


Message History

The kobold is moderately wounded.
You shoot an arrow. The arrow hits the kobold!
You kill the kobold!
Things that are here:
a +0 whip; a kobold corpse
h - a potion of enlightenment You open the door.
There is an open door here.
A bombardier beetle comes into view.
You shoot an arrow. The arrow hits the bombardier beetle!
The bombardier beetle is heavily wounded.
You shoot an arrow. The arrow hits the bombardier beetle.
The bombardier beetle is severely wounded.
The bombardier beetle sprays incendiary fluid at you.
The burning spray hits you.
You are covered in liquid fire!
You shoot an arrow.
The arrow hits the bombardier beetle but does no damage.
The bombardier beetle is severely wounded.
The liquid fire burns you!
You shoot an arrow. The arrow hits the bombardier beetle.
You kill the bombardier beetle!
The liquid fire burns you!
You feel your intelligence returning.
You have reached level 5!
You are on fire!
The liquid fire burns you!
You are on fire!
The liquid fire burns you!
You are on fire!
The liquid fire burns you!
You are on fire!
The liquid fire burns you!
You are on fire!
The liquid fire burns you!
You are on fire!
The liquid fire burns you!
You are on fire!
The liquid fire burns you!
You die...

#######.#.....##.# #.#.
#.#.....##.# #.#. .##
#.#.....##)###.#. ...
.#..........#.#. #.######
.#.....##.#.#.#. ##......##
#.#...####.#.#.#.
#........###.##### #.#.#.#.
#........#...#.# #.#.#.##
#..........@...# #.#.#...
#......###'###.# #.#.####
#......# #.# #.## #.#.....
#####..###.###..#####.######
#..+.._..'.....##.#
##.#######.###.##.# #)# ###
#.# #..#.# #.#######.#
##...##### #.........#
##......##


There were no monsters in sight!

Vanquished Creatures
  A bombardier beetle (D:3)
  Ijyb (D:3)
  3 adders (D:2)
  A ribbon worm (D:2)
  9 orcs
  5 endoplasms
  2 giant cockroaches (D:1)
  3 goblins
  3 hobgoblins
  4 kobolds
  3 quokkas
  A ball python (D:2)
  6 bats
  3 frilled lizards (D:1)
  4 rats
49 creatures vanquished.

Notes
Turn   | Place    | Note
-------+----------+-------------------------------------------
     0 | D:1      | qw the Deep Elf Hunter began the quest for the Orb.
     0 | D:1      | Reached XP level 1. HP: 12/12 MP: 3/3
     0 | D:1      | 0 ||| qw: Version: 0.3-a-160-g6735b56
     0 | D:1      | 0 ||| qw: Game counter: 4693
     0 | D:1      | 0 ||| qw: Melee chars always use a shield: true
     0 | D:1      | 0 ||| qw: God list: Okawaru
     0 | D:1      | 0 ||| qw: Allow faded altars: false
     0 | D:1      | 0 ||| qw: Do Orc after clearing Dungeon:15 true
     0 | D:1      | 0 ||| qw: Do second Lair branch before Depths: true
     0 | D:1      | 0 ||| qw: Lair rune preference: random
     0 | D:1      | 0 ||| qw: Goals: Normal
     0 | D:1      | 0 ||| PLANNING D:1-11
    73 | D:1      | Reached XP level 2. HP: 16/16 MP: 4/4
    78 | D:1      | Reached skill level 6 in Ranged Weapons
   610 | D:1      | 610 ||| UPGRADING to +0 helmet.
   615 | D:1      | 615 ||| UPGRADING to +0 ring mail.
   625 | D:1      | 625 ||| DROPPING +0 leather armour.
   626 | D:1      | 626 ||| DROPPING ring of flight.
   627 | D:1      | 627 ||| READING scroll labelled IPOSTRU BUPLU.
   628 | D:1      | 628 ||| DROPPING scroll of butterflies.
   716 | D:2      | 716 ||| FLEEEEING.
   718 | D:2      | 718 ||| FLEEEEING.
   722 | D:2      | 722 ||| FLEEEEING.
   723 | D:2      | 723 ||| FLEEEEING.
   759 | D:2      | Reached XP level 3. HP: 20/20 MP: 5/5
  1019 | D:2      | Reached skill level 7 in Ranged Weapons
  1499 | D:2      | Reached XP level 4. HP: 25/25 MP: 6/6
  1529 | D:2      | 1529 ||| UPGRADING to +2 ring mail of willpower.
  1539 | D:2      | 1539 ||| DROPPING +0 ring mail.
  1540 | D:2      | 1540 ||| READING scroll labelled QAOBBI EXUPT.
  1540 | D:2      | 1540 ||| IDENTIFYING coppery potion
  1541 | D:2      | 1541 ||| READING scroll labelled HEITUSMARGHEI.
  1629 | D:3      | Found an opulent altar of Gozag.
  1643 | D:3      | Noticed Ijyb
  1649 | D:3      | 1649 ||| DRINKING black potion.
  1650 | D:3      | 1650 ||| DRINKING lumpy white potion.
  1651 | D:3      | 1651 ||| DRINKING sapphire potion.
  1655 | D:3      | Killed Ijyb
  1705 | D:3      | Reached skill level 8 in Ranged Weapons
  1779 | D:3      | Found an ancient bone altar of Kikubaaqudgha.
  1821 | D:3      | Reached XP level 5. HP: 22/29 MP: 7/7
  1824 | D:3      | HP: 6/29 [burnt (5)]
  1826 | D:3      | HP: 1/29 [burnt (3)]
  1827 | D:3      | Incinerated by a bombardier beetle

Levels and vault maps discovered:
D:1:      sevenhm_arrival_forest_fort_small_3, layout_rooms, serial_forest,
          infiniplex_forest_lined_room_2, infiniplex_forest_fountain,
          infiniplex_forest_straight_2, infiniplex_forest_clump_curved,
          infiniplex_forest_straight_2, infiniplex_forest_lined_2,
          infiniplex_forest_clump_C, chequers_serial_rivers_micro_c,
          bh_walls_and_bars
D:2:      layout_basic
D:3:      layout_basic, nicolae_gozag_seed_capital, lemuel_doored_altar,
          gammafunk_ghost_mausoleum, uniq_ijyb

Skill      XL: |  1  2  3  4 |
---------------+-------------+-----
Ranged Weapons | 6 7 8 |  8.4
Fighting       | |  1.5
Dodging        | |  2.4
Stealth        | |  1.2

Action                     |  1- 3 |  4- 6 || total
---------------------------+-------+-------++-------
   Fire: Shortbow          |   101 |    32 ||   133
    Use: Scroll            |     1 |     2 ||     3
         Potion            |       |     3 ||     3
 Armour: Leather armour    |     6 |       ||     6
         Ring mail         |    18 |     5 ||    23
  Dodge: Dodged            |    21 |       ||    21

Table legend:
 A = Non-vault XP
 B = Vault XP
 C = Vault XP percentage of total XP
 D = Non-vault monster count
 E = Vault monster count
 F = Vault count percentage of total count
                 A         B        C        D         E       F
            +---------+---------+-------+---------+---------+-------
      Total |     168 |      32 |  16.0 |      48 |       1 |   2.0
            +---------+---------+-------+---------+---------+-------
        D:1 |      35 |       0 |   0.0 |      22 |       0 |   0.0
        D:2 |      68 |       0 |   0.0 |      15 |       0 |   0.0
        D:3 |      65 |      32 |  33.0 |      11 |       1 |   8.3
            +---------+---------+-------+---------+---------+-------
